 Dungeon Crawl Stone Soup version 0.18.1-48-g4cf74bf (webtiles) character file.

26032 kobby the Severer (level 13, -1/134 HPs)
             Began as a Hill Orc Fighter on July 4, 2016.
             Was a High Priest of Okawaru.
             Slain by a spark wasp (shapeshifter) (6 damage)
             ... on level 13 of the Dungeon.
             The game lasted 01:00:29 (16560 turns).

kobby the Severer (Hill Orc Fighter)               Turns: 16560, Time: 01:00:29

Health: -1/134     AC: 20    Str: 24    XL:     13   Next: 23%
Magic:  23/23      EV: 17    Int: 11    God:    Okawaru [*****.]
Gold:   548        SH:  3    Dex: 18    Spells: 0 memorised, 12 levels left

rFire  . . .     SeeInvis .     G - +2 battleaxe (venom)
rCold  . . .     Gourm    .     e - +0 chain mail
rNeg   . . .     Faith    .     (shield currently unavailable)
rPois  .         Spirit   .     k - +0 helmet of Libeitru {MP+9}
rElec  .         Dismiss  .     v - +2 cloak of the Mutiny {Int+3 Dex+3 Slay+2}
rCorr  .         Reflect  +     O - +1 pair of gloves
SustAt +         Harm     .     (no boots)
MR     .....                    w - +3 amulet of reflection
Stlth  ..........               j - ring of flight
                                h - ring of sustain attributes

@: agile, not resistant to hostile enchantments, extremely unstealthy
A: fangs 1, rugged brown scales 1, robust 1
a: Heroism, Finesse, Renounce Religion, Evoke Flight


You were on level 13 of the Dungeon.
You worshipped Okawaru.
Okawaru was extremely pleased with you.
You were full.

You visited 1 branch of the dungeon, and saw 14 of its levels.

You collected 800 gold pieces.
You spent 252 gold pieces at shops.

Inventory:

Hand Weapons
 a - a +0 war axe of flaming
 b - a +6 broad axe of chopping
 G - a +2 battleaxe of venom (weapon)
 N - the cursed +2 halberd of Awkwardness {venom, Stlth+}
   (You bought it in a shop on level 11 of the Dungeon)

   It poisons the flesh of those it strikes.
   It makes you more stealthy.
   It has a curse placed upon it.
 R - a +2 executioner's axe of freezing
Missiles
 L - 41 poisoned needles
Armour
 c - a +1 shield
 e - a +0 chain mail (worn)
 k - the +0 helmet of Libeitru (worn) {MP+9}
   (You took it off Robin on level 3 of the Dungeon)

   It affects your magic capacity (+9).
 n - a mottled dragon hide
 v - the +2 cloak of the Mutiny (worn) {Int+3 Dex+3 Slay+2}
   (Okawaru gifted it to you on level 10 of the Dungeon)

   It affects your intelligence (+3).
   It affects your dexterity (+3).
   It affects your accuracy and damage with ranged weapons and melee attacks
   (+2).
 E - a steam dragon hide
 O - a +1 pair of gloves (worn)
Jewellery
 g - an uncursed ring of ice
 h - a ring of sustain attributes (left hand)
 j - a ring of flight (right hand)
 u - an uncursed ring of ice
 w - a +3 amulet of reflection (around neck)
 C - an uncursed amulet of magic regeneration
 D - the ring "Geor" {+Fly MR++ Str-4 Dex+7}
   (You found it on level 8 of the Dungeon)

   [ring of flight]

   It affects your strength (-4).
   It affects your dexterity (+7).
   It affects your resistance to hostile enchantments.
   It lets you fly.
Wands
 l - a wand of random effects (25/48)
 q - a wand of polymorph (9/24)
 r - a wand of acid (0/15)
 x - a wand of iceblast (0/15)
 y - a wand of acid (0/15)
 z - a wand of confusion (26/48)
 H - a wand of slowing (13/48)
 J - a wand of lightning (1/15)
 K - a wand of lightning (5/15)
 U - a wand of disintegration (5/24)
Scrolls
 d - a scroll of remove curse
 m - 2 scrolls of teleportation
 o - a scroll of fog
 M - a scroll of identify
 Q - a scroll of silence
 S - a scroll of brand weapon
Potions
 i - 3 potions of flight
 p - 4 potions of degeneration
 s - 3 potions of agility
 t - a potion of mutation
 F - 3 potions of curing
Books
 I - a book of Callings

   Spells                             Type                      Level
   a - Summon Small Mammal            Summoning                    1
   b - Call Imp                       Summoning                    2
   c - Call Canine Familiar           Summoning                    3
   d - Summon Guardian Golem          Hexes/Summoning              3
   e - Summon Lightning Spire         Summoning/Air                4
   f - Summon Ice Beast               Ice/Summoning                4
 T - a book of Power

   Spells                             Type                      Level
   a - Fulminant Prism                Conjuration/Hexes            4
   b - Iskenderun's Mystic Blast      Conjuration                  4
   c - Venom Bolt                     Conjuration/Poison           5
   d - Bolt of Magma                  Conjuration/Fire/Earth       5
   e - Iron Shot                      Conjuration/Earth            6
   f - Orb of Destruction             Conjuration                  7
   g - Spellforged Servitor           Conjuration/Summoning        7
Comestibles
 f - 5 bread rations
 A - a fruit
 B - 2 meat rations


   Skills:
 + Level 12.6 Fighting
 + Level 15.5 Axes
 + Level 11.5 Armour
 + Level 5.9 Dodging
 + Level 1.5 Stealth
 + Level 9.1 Shields
 + Level 1.3 Invocations
 + Level 2.6 Evocations


You had 12 spell levels left.
You didn't know any spells.

Dungeon Overview and Level Annotations

Branches:
Dungeon (14/15)            Temple (0/1) D:4            Lair (0/8) D:10
    Orc (0/2) D:12
 Vaults: D:13-14

Altars:
Dithmenos
Fedhas
Makhleb
Nemelex Xobeh
Okawaru
Pakellas
Qazlal
Trog
Yredelemnul
Zin

Shops:
D:5 %   D:11 (

Annotations:
D:2 exclusion: oklob plant
D:7 exclusion: ice statue


Innate Abilities, Weirdness & Mutations

You have very sharp teeth.
You are partially covered in rugged brown scales (AC +1, +3% HP).
You are robust (+10% HP).


Message History

The spark wasp is moderately wounded.
The spark wasp completely misses you.
Drink which item? (? for menu, Esc to quit)
You feel agile all of a sudden.
The spark wasp stings you but does no damage.
The spark wasp stings you!!
* * * LOW HITPOINT WARNING * * *
The spark wasp shocks you!
* * * LOW HITPOINT WARNING * * *
Read which item? (? for menu, Esc to quit)
Okay, then.
Drink which item? (? for menu, Esc to quit)
Okay, then.
Evoke which item? (* to show all) (? for menu, Esc to quit)
Zapping:
U - a wand of disintegration (6/24)
Press: ? - help, Shift-Dir - straight line, f - spark wasp
Aim: a spark wasp (heavily wounded, poisoned, chance to defeat MR: 56%)
The spark wasp resists with significant effort.
This wand has 5 charges left.
The spark wasp stings you.
You die...

..#
..#
..#
#.#
#s#
#.#
#.####
#@y..#
####.#


You could see a spark wasp and a scorpion.

Vanquished Creatures
  A hydra (D:12)
  Harold (D:11)
  A rakshasa (D:14)
  A catoblepas (D:14)
  A tengu warrior (D:14)
  An unseen horror (shapeshifter) (D:14)
  2 unseen horrors
  2 wizards (D:14)
  5 hill giants
  Pikel (D:6)
  A griffon (D:14)
  3 ugly things
  A centaur zombie (D:14)
  A gargoyle (D:14)
  A komodo dragon (D:14)
  A kobold demonologist (D:12)
  4 trolls
  A two-headed ogre (D:11)
  4 slime creatures (D:12)
  A shadow (D:10)
  2 wyverns
  2 basilisks
  A vampire (D:11)
  Grum (D:8)
  11 yaks
  A human (D:9)
  A hippogriff (D:9)
  A hill giant zombie (D:12)
  3 hungry ghosts
  Menkaure (D:7)
  A steam dragon (D:8)
  A vampire mosquito (D:14)
  2 mottled dragons
  Edmund (D:6)
  2 soldier ants (D:14)
  2 water moccasins (D:9)
  Duvessa (D:6)
  6 porcupines
  5 orc warriors
  2 ice beasts
  5 sky beasts
  2 black bears
  A slave (D:6)
  A wasp (D:11)
  7 ogres
  A necrophage (D:8)
  5 phantoms
  4 wolves (D:8)
  3 centaurs
  4 crocodiles
  5 big kobolds
  6 giant frogs
  4 scorpions
  A wyvern skeleton (D:14)
  Dowan (D:6)
  3 killer bees
  3 wights (D:10)
  A troll zombie (D:12)
  2 howler monkeys
  5 crimson imps
  2 jellies
  A quasit (D:8)
  A wasp zombie (D:10)
  A giant frog zombie (D:5)
  10 orc priests
  Crazy Yiuf (D:2)
  8 hounds
  3 centaur skeletons
  11 orc wizards
  5 iguanas
  Jessica (D:3)
  Ijyb (D:2)
  Natasha (twice) (D:3)
  10 worker ants
  7 sheep
  4 ogre zombies (D:12)
  A hound skeleton (D:8)
  A howler monkey zombie (D:9)
  A worker ant zombie (D:6)
  Robin (D:3)
  13 adders
  10 gnolls
  A river rat (D:9)
  8 shadow imps
  2 oozes (D:1)
  5 dart slugs
  7 giant geckos
  34 orcs
  2 ball pythons
  7 giant cockroaches
  16 goblins
  9 hobgoblins
  14 jackals
  5 quokkas
  8 bats
  A giant gecko skeleton (D:5)
  A giant gecko zombie (D:7)
  6 giant newts
  2 goblin zombies (D:12)
  2 hobgoblin skeletons (D:12)
  20 kobolds
  An orc skeleton (D:12)
  13 orc zombies (D:12)
  3 quokka skeletons
  6 rats
413 creatures vanquished.

Vanquished Creatures (others)
  A kobold (D:7)
1 creature vanquished.

Grand Total: 414 creatures vanquished

Notes
Turn   | Place    | Note
--------------------------------------------------------------
     0 | D:1      | kobby the Hill Orc Fighter began the quest for the Orb.
     0 | D:1      | Reached XP level 1. HP: 19/19 MP: 1/1
    25 | D:1      | Reached XP level 2. HP: 24/27 MP: 2/2
    70 | D:1      | Reached skill level 3 in Axes
   181 | D:1      | Reached XP level 3. HP: 31/33 MP: 3/3
   769 | D:2      | Noticed Ijyb
   772 | D:2      | Reached XP level 4. HP: 35/40 MP: 4/4
   802 | D:2      | Killed Ijyb
   802 | D:2      | Reached skill level 4 in Axes
   833 | D:2      | Reached skill level 1 in Dodging
  1011 | D:2      | Found a sparkling altar of Nemelex Xobeh.
  1162 | D:2      | Noticed Crazy Yiuf
  1169 | D:2      | Killed Crazy Yiuf
  1169 | D:2      | Reached XP level 5. HP: 47/47 MP: 5/5
  1243 | D:2      | Found a blossoming altar of Fedhas.
  1273 | D:2      | Noticed an oklob plant
  1412 | D:2      | Found a bloodstained altar of Trog.
  1456 | D:2      | Found an iron altar of Okawaru.
  1461 | D:2      | Became a worshipper of Warmaster Okawaru
  1523 | D:2      | Found a glowing silver altar of Zin.
  2025 | D:3      | Reached XP level 6. HP: 41/53 MP: 6/6
  2108 | D:3      | Noticed Robin
  2121 | D:3      | Killed Robin
  2123 | D:3      | Got a fine helmet
  2126 | D:3      | Identified the cursed +0 helmet of Libeitru {MP+9} (You took it off Robin on level 3 of the Dungeon)
  2333 | D:3      | Noticed Natasha
  2334 | D:3      | Noticed Jessica
  2343 | D:3      | Killed Jessica
  2348 | D:3      | Reached skill level 5 in Shields
  2359 | D:3      | Reached * piety under Okawaru
  2368 | D:3      | Reached skill level 5 in Axes
  2521 | D:3      | Killed Natasha
  2885 | D:3      | Found a stormy altar of Qazlal.
  2983 | D:3      | Found a shadowy altar of Dithmenos.
  3040 | D:3      | Noticed Natasha
  3051 | D:3      | Killed Natasha
  3172 | D:4      | Reached XP level 7. HP: 59/60 MP: 7/7
  3454 | D:3      | Reached skill level 5 in Fighting
  3676 | D:4      | Reached ** piety under Okawaru
  3676 | D:4      | Reached skill level 6 in Axes
  3911 | D:4      | Found an oddly glowing altar of Pakellas.
  3927 | D:4      | Reached XP level 8. HP: 68/69 MP: 8/8
  3975 | D:4      | Found a staircase to the Ecumenical Temple.
  4039 | D:4      | Found a sparkling altar of Nemelex Xobeh.
  4460 | D:4      | Reached skill level 5 in Armour
  4841 | D:5      | Entered Level 5 of the Dungeon
  5770 | D:5      | Reached skill level 7 in Axes
  5869 | D:5      | Found Geres's Food Shoppe.
  6428 | D:6      | Noticed Edmund
  6428 | D:6      | Noticed Dowan
  6429 | D:6      | Noticed Duvessa
  6442 | D:6      | Killed Edmund
  6448 | D:6      | Killed Dowan
  6467 | D:6      | Noticed Pikel
  6499 | D:6      | Killed Pikel
  6499 | D:6      | Reached *** piety under Okawaru
  6499 | D:6      | Reached skill level 8 in Axes
  6499 | D:6      | Reached skill level 1 in Invocations
  6499 | D:6      | Reached XP level 9. HP: 73/79 MP: 9/9
  6518 | D:6      | Killed Duvessa
  6693 | D:6      | You fall through a shaft for 2 floors!
  6995 | D:8      | Got a wavering bone ring
  6996 | D:8      | Identified the ring "Geor" {+Fly MR++ Str-4 Dex+7} (You found it on level 8 of the Dungeon)
  7008 | D:8      | Noticed Grum
  7019 | D:8      | Reached skill level 9 in Axes
  7356 | D:8      | Killed Grum
  7567 | D:8      | Reached **** piety under Okawaru
  7733 | D:8      | Found a burning altar of Makhleb.
  7742 | D:8      | Reached XP level 10. HP: 84/88 MP: 11/11
  8339 | D:7      | Killed an unseen horror
  8339 | D:7      | Reached skill level 10 in Axes
  8457 | D:7      | Noticed Menkaure
  8460 | D:7      | Killed Menkaure
  9221 | D:7      | Reached skill level 5 in Dodging
  9551 | D:7      | Noticed an ice statue
  9845 | D:9      | Reached skill level 1 in Evocations
  9848 | D:9      | Reached skill level 11 in Axes
 10459 | D:9      | Reached ***** piety under Okawaru
 10465 | D:9      | Reached skill level 1 in Stealth
 10465 | D:9      | Reached XP level 11. HP: 77/97 MP: 12/12
 10811 | D:9      | Noticed a purple ugly thing
 10824 | D:9      | Killed a purple ugly thing
 11151 | D:10     | Entered Level 10 of the Dungeon
 11299 | D:10     | Identified a scroll of acquirement
 11332 | D:10     | Reached skill level 12 in Axes
 11334 | D:10     | Noticed a hill giant
 11531 | D:9      | Reached skill level 10 in Fighting
 11981 | D:10     | Killed a hill giant
 11981 | D:10     | Received a gift from Okawaru
 11988 | D:10     | Got a translucent cloak {god gift}
 11990 | D:10     | Identified the +2 cloak of the Mutiny {Int+3 Dex+3 Slay+2} (Okawaru gifted it to you on level 10 of the Dungeon)
 11993 | D:10     | Gained mutation: You are partially covered in rugged brown scales (AC +1, +3% HP). [potion of mutation]
 11993 | D:10     | Gained mutation: You are robust (+10% HP). [potion of mutation]
 11993 | D:10     | Gained mutation: You have very sharp teeth. [potion of mutation]
 12284 | D:10     | Found a staircase to the Lair.
 12465 | D:10     | Killed an unseen horror
 12818 | D:11     | Noticed a hill giant
 12827 | D:11     | Killed a hill giant
 12827 | D:11     | Reached skill level 13 in Axes
 13109 | D:11     | Noticed Harold
 13180 | D:11     | Killed Harold
 13180 | D:11     | Reached XP level 12. HP: 109/122 MP: 13/13
 13589 | D:11     | Reached skill level 10 in Armour
 13813 | D:11     | Found Qoip's Antique Weapon Shoppe.
 13821 | D:11     | Bought a faintly glowing halberd for 252 gold pieces
 13821 | D:11     | Identified the cursed +2 halberd of Awkwardness {venom, Stlth+} (You bought it in a shop on level 11 of the Dungeon)
 14260 | D:12     | Reached skill level 14 in Axes
 14261 | D:12     | Found a glowing silver altar of Zin.
 14360 | D:12     | Found a staircase to the Orcish Mines.
 14643 | D:12     | Noticed a five-headed hydra
 14650 | D:12     | Killed a one-headed hydra
 14650 | D:12     | Received a gift from Okawaru
 15301 | D:14     | Found a basalt altar of Yredelemnul.
 15602 | D:14     | Noticed a tengu warrior
 15615 | D:14     | Killed a tengu warrior
 15790 | D:14     | Received a gift from Okawaru
 15806 | D:14     | Reached skill level 15 in Axes
 15835 | D:14     | Reached XP level 13. HP: 60/133 MP: 14/14
 16258 | D:14     | Noticed a rakshasa
 16270 | D:14     | Killed a rakshasa
 16551 | D:14     | Noticed a spark wasp
 16559 | D:13     | HP: 5/134 [spark wasp (shapeshifter) (12)]
 16560 | D:13     | Slain by a spark wasp (shapeshifter)

Skill      XL: |  1  2  3  4  5  6  7  8  9 10 11 12 |
---------------+-------------------------------------+-----
Fighting       | 4 5 7 8 9 10 12 | 12.6
Axes           | 3 4 5 6 8 9 11 13 15 | 15.5
Shields        | 4 5 7 8 9 |  9.1
Dodging        | 1 2 3 4 5 |  5.9
Armour         | 4 5 6 8 9 11 | 11.5
Invocations    | 1 |  1.3
Evocations     | 1 2 |  2.6
Stealth        | 1 |  1.5

Action                   |  1- 3 |  4- 6 |  7- 9 | 10-12 | 13-15 || total
-------------------------+-------+-------+-------+-------+-------++-------
Melee: War axe           |   126 |   228 |   322 |     5 |       ||   681
       Battleaxe         |       |       |    60 |   635 |    58 ||   753
       Bite              |       |       |       |    65 |     7 ||    72
       Executioner's axe |       |       |       |    11 |       ||    11
Invok: Heroism           |       |       |     3 |       |       ||     3
Evoke: Wand              |       |       |     2 |    26 |     1 ||    29
  Use: Scroll            |       |     7 |    10 |    13 |       ||    30
       Potion            |       |     5 |     2 |     4 |     3 ||    14
  Eat: Bread ration      |       |     1 |     1 |     3 |     2 ||     7
       Chunk             |       |     1 |     1 |       |       ||     2
       Royal jelly       |       |     2 |     1 |       |       ||     3
       Fruit             |       |       |     3 |     5 |       ||     8
       Beef jerky        |       |       |     1 |     1 |       ||     2
       Meat ration       |       |       |     1 |     1 |       ||     2
       Pizza             |       |       |       |     8 |       ||     8
Armor: Scale mail        |    86 |    94 |   142 |    60 |       ||   382
       Plate armour      |       |       |       |   271 |       ||   271
       Chain mail        |       |       |       |    83 |    32 ||   115
Dodge: Dodged            |    52 |    88 |   120 |   292 |    25 ||   577
Block: Shield            |    75 |   111 |   189 |       |       ||   375
       Reflection        |       |       |     1 |     6 |       ||     7
       Other             |       |       |    12 |    90 |     5 ||   107
